 Dungeon Crawl Stone Soup version 0.25-a0-424-g80bd347ae0 (webtiles) character file.

Game seed: 9117997124213857767, levelgen mode: deterministic

17894 kae the Fighter (level 12, -7/118 HPs)
             Began as a Pale Draconian Air Elementalist on Jan 23, 2020.
             Was an Elder of Vehumet.
             Mangled by a thrashing horror (12 damage)
             ... on level 2 of the Abyss.
             The game lasted 00:25:05 (16037 turns).

kae the Fighter (Pale Draconian Air Elementalist)  Turns: 16037, Time: 00:25:06

Health: -7/118     AC: 11    Str: 11    XL:     12   Next: 22%
Magic:  9/31       EV: 13    Int: 21    God:    Vehumet [****..]
Gold:   949        SH:  0    Dex: 15    Spells: 10/25 levels left

rFire    . . .     SeeInvis .   a - +4 whip (vamp)
rCold    . . .     Gourm    .   (no shield)
rNeg     . . .     Faith    .   (armour unavailable)
rPois    .         Spirit   .   (helmet restricted)
rElec    .         Reflect  .   v - +0 cloak
rCorr    .         Harm     .   x - +1 pair of gloves
MR       .....                  (no boots)
Stlth    ++........             (no amulet)
HPRegen  0.29/turn              l - +4 ring of dexterity
MPRegen  0.22/turn              D - ring of magical power

@: about to teleport
A: breathe steam, unfitting armour, cold-blooded, AC +8
a: Breathe Steam, Renounce Religion


You were on level 2 of the Abyss.
You worshipped Vehumet.
Vehumet was greatly pleased with you.
You were hungry.

You visited 3 branches of the dungeon, and saw 12 of its levels.
You visited the Abyss 1 time.
You also visited: Ossuary and Volcano.

You collected 949 gold pieces.

Inventory:

Hand Weapons
 a - a +4 vampiric whip (weapon)
 b - a +2 scimitar of flaming
 c - a +2 demon trident of electrocution
Armour
 v - a +0 cloak (worn)
 x - a +1 pair of gloves (worn)
Jewellery
 h - a +1 ring of protection
 l - a +4 ring of dexterity (left hand)
 m - an uncursed ring of ice
 p - a +2 ring of evasion
 D - a ring of magical power (right hand)
Wands
 k - a wand of iceblast (24)
 o - a wand of disintegration (12)
 u - a wand of digging (2)
 w - a wand of flame (26)
 B - a wand of clouds (4)
 H - a wand of paralysis (8)
 N - a wand of enslavement (6)
Scrolls
 g - a scroll of blinking
 i - 4 scrolls of remove curse
 q - 5 scrolls of amnesia
 r - 3 scrolls of magic mapping
 y - 2 scrolls of enchant armour
 z - a scroll of fog
 L - a scroll of silence {unknown}
 M - 2 scrolls of identify
Potions
 d - 4 potions of agility
 e - 5 potions of curing
 f - 2 potions of haste
 n - 3 potions of lignification
 s - 6 potions of brilliance
 t - a potion of invisibility
 A - 2 potions of mutation
 C - a potion of magic
 E - a potion of flight
 F - a potion of resistance
 I - a potion of cancellation
 J - 4 potions of might
Comestibles
 K - 17 rations


   Skills:
 - Level 14.4 Fighting
 - Level 3.0 Dodging
 - Level 1.7 Stealth
 - Level 7.3 Spellcasting
 - Level 1.0 Conjurations
 + Level 13.5 Air Magic


You had 10 spell levels left.
You knew the following spells:

 Your Spells              Type           Power        Failure   Level  Hunger
a - Shock                 Conj/Air       ####         1%          1    None
b - Static Discharge      Conj/Air       #####...     1%          3    None
c - Swiftness             Chrm/Air       #####...     1%          2    None
d - Airstrike             Air            ######....   1%          4    ###....
e - Lightning Bolt        Conj/Air       #####.....   3%          5    #####..

Your spell library contained the following spells:

 Spells                   Type           Power        Failure   Level  Hunger
 Yara's Violent Unravell  Hex/Tmut       #.........   50%         5    #####..
 Inner Flame              Hex/Fire       #.......     7%          3    None
 Beastly Appendage        Tmut           #.....       9%          1    None
 Corona                   Hex            #......      9%          1    None
 Slow                     Hex            #.......     13%         2    None
 Sticks to Snakes         Tmut           #.......     13%         2    None
 Portal Projectile        Hex/Tloc       #.....       26%         3    None
 Spider Form              Tmut/Pois      #.........   26%         3    None
 Cause Fear               Hex            #.........   65%         4    ###....
 Ice Form                 Ice/Tmut       #.......     65%         4    ###....
 Leda's Liquefaction      Hex/Erth       #.........   65%         4    ###....
 Blade Hands              Tmut           #.........   94%         5    #####..


Dungeon Overview and Level Annotations

Branches:
Dungeon (10/15)            Temple (1/1) D:5            Lair (1/6) D:10
    Orc (0/2) D:10        Ossuary (visited)         Volcano (visited)

Altars:
Ashenzari
Cheibriados
Dithmenos
Elyvilon
Fedhas
Gozag
Hepliaklqana
Kikubaaqudgha
Makhleb
Nemelex Xobeh
Okawaru
Qazlal
Ru
Sif Muna
Trog
Uskayaw
Vehumet
Wu Jian
Xom
Yredelemnul
Zin
The Shining One

Shops:
D:10 *

Annotations:
D:4 2 transporters
D:10 3 runed translucent doors, exclusion: orange crystal statue, emiel's ghost, journeyman FoWn; tilp's ghost, journeyman TeAE Volcano exclusion: door


Innate Abilities, Weirdness & Mutations

You can breathe blasts of scalding, opaque steam.
Your pale cyan-grey scales are hard. (AC +8)
You cannot fit into any form of body armour.
You are cold-blooded and may be slowed by cold attacks.


Message History

The thrashing horror closely misses you.
You hit the thrashing horror.
The thrashing horror is heavily damaged.
The thrashing horror tramples you!
* * * LOW HITPOINT WARNING * * *
You hold your ground!
The thrashing horror tramples you.
* * * LOW HITPOINT WARNING * * *
You hold your ground!
You have got your breath back.
The thrashing horror roars!
You hit the thrashing horror. You tail-slap the thrashing horror.
The thrashing horror is heavily damaged.
The thrashing horror tramples you!
* * * LOW HITPOINT WARNING * * *
You hold your ground!
The thrashing horror tramples you but does no damage.
You closely miss the thrashing horror.
The thrashing horror is heavily damaged.
The thrashing horror tramples you!
You die...

.## # #. . ##
.#. #.# . X...#
. . .#. # #
...#
........#..#...
X. ..... .. ###
#....
....##..#######
## #..##
...##§#...#
....
#.#§§.##§.#
.#.#.#..#§.@#
.##.. #..##X.#
.. . ..
#.#.#§### . .
#.§# # . # #


You could see a thrashing horror.

Vanquished Creatures
  Harold (D:7)
  3 two-headed ogres
  Erica (D:9)
  A dancing weapon (Volcano)
  3 wizards (Volcano)
  Pikel (D:9)
  3 toenail golems (Volcano)
  A gargoyle (D:10)
  A smoke demon (Abyss:2)
  Joseph (D:9)
  2 spiny frogs (Lair:1)
  2 centaur skeletons (D:10)
  Maggie (D:10)
  An ancient zyme (Abyss:2)
  2 trolls (D:10)
  4 hippogriffs
  A ynoxinul (Abyss:2)
  Grum (D:9)
  3 fire bats (Lair:1)
  4 yaks
  3 hogs (D:7)
  A human (D:7)
  A chaos spawn (Abyss:2)
  An acid dragon (D:10)
  A soldier ant (D:9)
  A slave (D:9)
  A sky beast (D:6)
  4 orc warriors
  4 ice beasts
  A necrophage (D:8)
  5 ogres
  A phantom (D:9)
  7 wolves
  2 centaurs (D:8)
  6 bullfrogs
  A small abomination (Abyss:2)
  2 wyvern skeletons
  A water moccasin zombie (D:9)
  4 scorpions
  5 killer bees (D:10)
  2 electric eels (D:10)
  4 howler monkeys
  5 crimson imps
  A quasit (Abyss:2)
  11 hounds
  A human zombie (Ossuary)
  7 jellies
  7 orc priests
  A bullfrog skeleton (D:5)
  11 orc wizards
  4 iguanas
  3 worker ants
  4 big kobold zombies (Ossuary)
  A hound skeleton (D:5)
  3 hound zombies
  5 mummies
  A howler monkey zombie (D:5)
  Robin (D:3)
  10 adders
  3 gnolls
  3 shadow imps
  An adder skeleton (D:4)
  2 adder zombies
  A worm (D:2)
  2 dart slugs
  4 leopard geckos
  38 orcs
  2 ball pythons
  5 bats
  4 giant cockroaches
  2 gnoll zombies (Ossuary)
  15 goblins
  9 hobgoblins
  5 kobolds
  3 quokkas
  5 frilled lizards
  A goblin zombie (Ossuary)
  2 hobgoblin zombies (Ossuary)
  A jackal zombie (Ossuary)
  9 rats
288 creatures vanquished.

Vanquished Creatures (others)
  A hippogriff (D:9)
  2 slaves (D:9)
  A hound (D:9)
  A withered plant (D:10)
5 creatures vanquished.

Grand Total: 293 creatures vanquished

Notes
Turn   | Place    | Note
-------+----------+-------------------------------------------
     0 | D:1      | kae the Draconian Air Elementalist began the quest for the
                  | Orb.
     0 | D:1      | Reached XP level 1. HP: 14/14 MP: 3/3
   531 | D:1      | Reached XP level 2. HP: 10/20 MP: 0/5
  1156 | D:2      | Reached XP level 3. HP: 14/26 MP: 1/6
  1350 | D:2      | Found a blossoming altar of Fedhas.
  1540 | D:2      | Found a snail-covered altar of Cheibriados.
  2140 | D:2      | Learned a level 3 spell: Static Discharge
  2143 | D:2      | Learned a level 2 spell: Swiftness
  2708 | D:2      | Found an iron altar of Okawaru.
  2736 | D:2      | Reached XP level 4. HP: 32/33 MP: 6/8
  3421 | D:3      | Reached skill level 5 in Air Magic
  3513 | D:3      | Reached XP level 5. HP: 34/38 MP: 7/9
  3949 | D:3      | Noticed Robin
  3955 | D:3      | Killed Robin
  4152 | D:3      | Found a shimmering altar of Xom.
  4429 | D:3      | Found an opulent altar of Gozag.
  4820 | D:4      | Found a shattered altar of Ashenzari.
  4881 | D:4      | Reached XP level 6. HP: 45/45 MP: 6/11
  4935 | D:4      | Found a bloodstained altar of Trog.
  5109 | D:4      | Found a transporter.
  5110 | D:4      | Found a white marble altar of Elyvilon.
  5110 | D:4      | Noticed a cyclops
  5112 | D:4      | Found a transporter.
  5112 | D:4      | Noticed a yak
  5153 | D:4      | Found a hide-covered altar of Uskayaw.
  5608 | D:4      | Your scales start taking on a pale cyan-grey colour.
  5608 | D:4      | Reached XP level 7. HP: 34/50 MP: 0/13
  5643 | D:4      | Found a shadowy altar of Dithmenos.
  5768 | D:5      | Entered Level 5 of the Dungeon
  5784 | D:5      | Found a staircase to the Ecumenical Temple.
  5849 | Temple   | Entered the Ecumenical Temple
  6085 | Temple   | Became a worshipper of Vehumet
  6588 | D:5      | Found a shattered altar of Ashenzari.
  6631 | D:5      | Reached skill level 5 in Spellcasting
  6822 | D:5      | Reached XP level 8. HP: 57/57 MP: 11/15
  6933 | D:5      | Learned a level 4 spell: Airstrike
  6939 | D:5      | Learned a level 5 spell: Lightning Bolt
  6957 | D:5      | Found an opulent altar of Gozag.
  7243 | D:6      | Reached skill level 1 in Fighting
  7442 | D:6      | Found a sand-covered staircase.
  7451 | Ossuary  | Entered an ossuary
  7478 | Ossuary  | Reached * piety under Vehumet
  7478 | Ossuary  | Offered knowledge of Sandblast by Vehumet.
  7497 | Ossuary  | Reached skill level 2 in Fighting
  8030 | D:6      | Reached skill level 10 in Air Magic
  8656 | D:7      | Reached skill level 3 in Fighting
  8699 | D:7      | Reached XP level 9. HP: 69/69 MP: 5/18
  8835 | D:7      | Found a sparkling altar of Nemelex Xobeh.
  8864 | D:7      | Noticed Harold
  8897 | D:7      | Killed Harold
  8897 | D:7      | Reached skill level 4 in Fighting
  9176 | D:7      | Found a glowing golden altar of the Shining One.
  9305 | D:7      | Reached skill level 5 in Fighting
  9408 | D:7      | Reached skill level 6 in Fighting
  9755 | D:8      | Reached skill level 7 in Fighting
  9804 | D:8      | Reached XP level 10. HP: 86/86 MP: 10/20
 10009 | D:8      | Offered knowledge of Freeze by Vehumet.
 10161 | D:8      | Reached ** piety under Vehumet
 10170 | D:8      | Reached skill level 8 in Fighting
 10173 | D:8      | Noticed a two-headed ogre
 10217 | D:8      | Killed a two-headed ogre
 10217 | D:8      | Reached skill level 9 in Fighting
 11026 | D:9      | Noticed Pikel
 11045 | D:9      | Killed Pikel
 11045 | D:9      | Reached skill level 10 in Fighting
 11132 | D:9      | Noticed Grum
 11141 | D:9      | Killed Grum
 11560 | D:9      | Reached skill level 11 in Fighting
 11736 | D:9      | Noticed Joseph
 11754 | D:9      | Killed Joseph
 11891 | D:9      | Offered knowledge of Ignite Poison by Vehumet.
 11978 | D:9      | Noticed Erica
 11993 | D:9      | Killed Erica
 12134 | D:9      | Found a shimmering blue altar of Sif Muna.
 12263 | D:10     | Entered Level 10 of the Dungeon
 12263 | D:10     | Noticed a two-headed ogre
 12264 | D:10     | Reached skill level 12 in Fighting
 12264 | D:10     | Reached XP level 11. HP: 101/101 MP: 21/21
 12407 | D:10     | Noticed an orange crystal statue
 12504 | D:10     | Reached *** piety under Vehumet
 12854 | D:10     | Found a staircase to the Lair.
 13050 | D:10     | Offered knowledge of Olgreb's Toxic Radiance by Vehumet.
 13050 | D:10     | Reached skill level 13 in Fighting
 13167 | D:10     | Noticed a two-headed ogre
 13189 | D:10     | Killed a two-headed ogre
 13232 | D:10     | Killed a two-headed ogre
 13359 | D:10     | Reached skill level 14 in Fighting
 13381 | D:10     | Found Buony's General Store.
 13856 | D:10     | Reached **** piety under Vehumet
 13874 | D:10     | Offered knowledge of Yara's Violent Unravelling by Vehumet.
 13966 | D:10     | Found a runed translucent gate.
 13966 | D:10     | Found a runed translucent gate.
 13966 | D:10     | Found a runed translucent gate.
 13966 | D:10     | Noticed tilp's ghost (journeyman TeAE)
 13967 | D:10     | Noticed emiel's ghost (journeyman FoWn)
 13978 | D:10     | Noticed Maggie
 13984 | D:10     | Killed Maggie
 14007 | D:10     | Found a staircase to the Orcish Mines.
 14141 | Lair:1   | Entered Level 1 of the Lair of Beasts
 14442 | Lair:1   | Found a dark tunnel.
 14458 | Volcano  | Entered a volcano
 14505 | Volcano  | Noticed a wizard
 14509 | Volcano  | Killed a wizard
 14557 | Volcano  | Noticed a wizard
 14561 | Volcano  | Killed a wizard
 15049 | Volcano  | Reached XP level 12. HP: 22/115 MP: 4/22
 15838 | Volcano  | Cast into level 2 of the Abyss (a wizard)
 16022 | Abyss:2  | HP: 7/172 [thrashing horror (5)]
 16036 | Abyss:2  | HP: 4/118 [thrashing horror (14)]
 16037 | Abyss:2  | Mangled by a thrashing horror

Levels and vault maps discovered:
D:1:      grunt_arrival_crossed_arrows, layout_basic
D:2:      cheibrodos_pilgrimage, layout_loops_corners, marbit_many_paths,
          old_standard_altar, okawaru_gym_becter
D:3:      layout_basic, xom_teletrap_fun, lemuel_doored_altar, uniq_robin
D:4:      layout_basic, lemuel_round_altar, grunt_dithmenos_smoke_and_mirrors,
          gammafunk_temple_overflow_arena, first_ration, lemuel_tele_altar
D:5:      layout_loops_ring, cheibrodos_ashenzari_chains,
          minmay_temple_entry_proselytizer,
          nicolae_gozag_cash_rules_everything_around_me
D:6:      layout_basic, gup_ossuary_entry_pyramid, kennysheep_generic_room_15
D:7:      layout_loops_ring, overflow_temple_1_default, basic_altar,
          grunt_livestock, uniq_harold
D:8:      layout_cave_pods
D:9:      layout_long_grid, led_sif_pool, minmay_misc_feat_diagonals, uniq_grum,
          uniq_erica, uniq_joseph, uniq_pikel
D:10:     layout_roguey, erik_lair_island, orc_0_dummy,
          gammafunk_ghost_cemetery, serial_shops, nicolae_shop_trees,
          minmay_protected_statue, uniq_maggie
Temple:   minmay_temple_curvy_loop
Lair:1:   layout_hall_layers, nicolae_volcano_entry_batcave, grunt_megastairs_3
Abyss:2:  base:
D:9
Volcano:  volcano_bunker

Skill      XL: |  1  2  3  4  5  6  7  8  9 10 11 12 |
---------------+-------------------------------------+-----
Air Magic      | 4 5 7 9 10 11 12 13 | 13.5
Spellcasting   | 3 4 5 6 7 |  7.3
Dodging        | 3 |  3.0
Fighting       | 3 7 12 14 | 14.4
Stealth        | |  1.7
Conjurations   | |  1.0

Action                   |  1- 3 |  4- 6 |  7- 9 | 10-12 || total
-------------------------+-------+-------+-------+-------++-------
Melee: Unarmed           |    42 |       |       |       ||    42
       Tailslap          |     7 |     6 |     7 |    19 ||    39
       Short sword       |    45 |    57 |    12 |       ||   114
       Whip              |       |       |    52 |   155 ||   207
 Cast: Shock             |    58 |   134 |   165 |   134 ||   491
       Static Discharge  |       |     2 |    12 |    25 ||    39
       Airstrike         |       |       |     9 |   127 ||   136
       Swiftness         |       |       |       |     1 ||     1
 Abil: Breathe Steam     |       |       |    25 |    23 ||    48
Evoke: Wand              |       |       |       |     4 ||     4
  Use: Scroll            |     7 |    12 |    12 |     8 ||    39
       Potion            |       |       |     2 |     6 ||     8
 Stab: Sleeping          |     1 |     1 |       |       ||     2
  Eat: Chunk             |     6 |     6 |    10 |    12 ||    34
       Ration            |       |     1 |     2 |     7 ||    10
Armor: Skin              |    23 |    40 |    55 |   152 ||   270
Dodge: Dodged            |    66 |    78 |   125 |   179 ||   448

Table legend:
 A = Non-vault XP
 B = Vault XP
 C = Vault XP percentage of total XP
 D = Non-vault monster count
 E = Vault monster count
 F = Vault count percentage of total count
                 A         B        C        D         E       F
            +---------+---------+-------+---------+---------+-------
      Total |   14429 |   11134 |  43.6 |     219 |      68 |  23.7
            +---------+---------+-------+---------+---------+-------
        D:1 |      24 |       0 |   0.0 |      13 |       0 |   0.0
        D:2 |     129 |      95 |  42.4 |      20 |       6 |  23.1
        D:3 |      69 |      34 |  33.0 |      23 |      11 |  32.4
        D:4 |     409 |       0 |   0.0 |      16 |       0 |   0.0
        D:5 |     910 |      41 |   4.3 |      27 |       1 |   3.6
        D:6 |     699 |      38 |   5.2 |      16 |       2 |  11.1
        D:7 |     368 |    1939 |  84.0 |       9 |       6 |  40.0
        D:8 |    2365 |       0 |   0.0 |      19 |       0 |   0.0
        D:9 |    1206 |    2560 |  68.0 |      17 |       8 |  32.0
       D:10 |    5733 |    1156 |  16.8 |      48 |       8 |  14.3
     Lair:1 |    1255 |     585 |  31.8 |       5 |       3 |  37.5
    Abyss:2 |    1262 |       0 |   0.0 |       6 |       0 |   0.0
    Ossuary |       0 |     232 | 100.0 |       0 |      16 | 100.0
    Volcano |       0 |    4454 | 100.0 |       0 |       7 | 100.0
            +---------+---------+-------+---------+---------+-------
